 Dungeon Crawl Stone Soup version 0.30-a0-269-gf0224bf7b6 (webtiles) character file.

Game seed: 4541100377810509829

16 zishaf the Gusty (level 2, -2/16 HPs)
             Began as a Tengu Air Elementalist on Oct 14, 2022.
             Slain by a hobgoblin (6 damage)
             ... led by Robin
             ... on level 2 of the Dungeon.
             The game lasted 00:01:07 (801 turns).

zishaf the Gusty (Tengu Air Elementalist)            Turns: 801, Time: 00:01:08

Health: -2/16      AC:  2    Str:  8    XL:     2   Next: 54%
Magic:  6/6        EV: 12    Int: 15    God:
Gold:   98         SH:  0    Dex: 14    Spells: 2/5 levels left

rFire   . . .      SeeInvis .    c - +1 whip (drain)
rCold   + . .      Faith    .    (no shield)
rNeg    . . .      Spirit   .    a - +0 robe
rPois   .          Reflect  .    (helmet restricted)
rElec   .          Harm     .    (no cloak)
rCorr   .          Rampage  .    (no gloves)
Will    .....                    (boots unavailable)
Stlth   ++........               (no amulet)
HPRegen 0.22/turn                h - ring of protection from cold
MPRegen 0.10/turn                (no ring)

@: no status effects
A: beak, talons 3
a: no special abilities


You were on level 2 of the Dungeon.
You visited 1 branch of the dungeon, and saw 2 of its levels.

You collected 98 gold pieces.

Inventory:

Hand Weapons
 c - a +1 whip of draining (weapon)
Armour
 a - a +0 robe (worn)
Jewellery
 h - a ring of protection from cold (left hand)
Scrolls
 g - a scroll of identify {unknown}
Potions
 b - a potion of magic
 d - a potion of degeneration {unknown}
 e - a potion of heal wounds {unknown}
 f - a potion of attraction {unknown}
 i - a potion of brilliance {unknown}


   Skills:
 + Level 0.9 Fighting
 - Level 2.1 Dodging
 - Level 2.0 Stealth
 + Level 2.2 Spellcasting
 + Level 2.0 Conjurations
 + Level 4.2 Air Magic


You had 2 spell levels left.
You knew the following spells:

 Your Spells              Type           Power      Damage    Failure   Level
a - Shock                 Conj/Air       44%        1d5       6%          1
A - Static Discharge      Conj/Air       22%        2-3/arc   9%          2

Your spell library contained the following spells:

 Spells                   Type           Power      Damage    Failure   Level
 Swiftness                Air            14%        N/A       11%         3
 Airstrike                Air            7%         2d(1-17)  36%         4
 Ignite Poison            Fire/Tmut/Pois 1%         N/A       54%         3
 Sticky Flame             Conj/Fire      4%         2d3       80%         4
 Ignition                 Fire           0%         3d3       100%        8


Dungeon Overview and Level Annotations

Branches:
Dungeon (2/15)

Altars:

Shops:
D:1 [*(

Annotations:
D:2 Robin


Innate Abilities, Weirdness & Mutations

You have a beak for a mouth.
You have claws for feet.


Message History

You kill the rat!
No target in view!
There is an entrance to Byfi's Antique Weapon Emporium here.
You see here a +0 dagger.
You now have 98 gold pieces (gained 7).
Done exploring.
Done exploring.
(D) Dungeon
Where to? (Enter - D:1 @ (x,y), ? - help)
You see here a +0 dagger.
You see here a +0 short sword.
There is a stone staircase leading down here.
You climb downwards.
The goblin shouts! x2; The hobgoblin shouts! x2
The ball python hisses angrily.
You hear a shout! x2
Found 10 gold pieces and a scroll labelled KANUGEB DUPN.
There is a stone staircase leading up here.
There are monsters nearby!
Robin of the Strong Arm comes into view.
They are wielding a +0 whip.
The goblin shouts!
A rat comes into view.
The goblin shouts!
You hear a shout! x2
There is a stone staircase leading up here.
Robin roars a battlecry!
The goblins go into a battle-frenzy!
The rat twitches its whiskers.
A hobgoblin comes into view.
A goblin comes into view. It is wielding a +0 club.
A hobgoblin comes into view.
The ball python bites you. The ball python barely misses you. x2
The ball python grabs you.
You stop ascending the stairs.
The ball python constricts you. The goblin barely misses you.
You hit the ball python.
You kill the ball python!
The hobgoblin hits you. The hobgoblin closely misses you.
The goblin hits you with a +0 dagger. The goblin hits you with a +0 club.
* * * LOW HITPOINT WARNING * * *
The hobgoblin hits you.
You die...

..#. ...
#####..####
#.........# # #
#.....$...#
#.#.#.........#
#.............#
#.g@gr......
#.ggg.......
##..g......#
#.....g....#
#..g........
......g.g##.#
###.?...... #
#......g##
#........


You could see Robin, 4 hobgoblins, 6 goblins and a rat.

Vanquished Creatures
  2 endoplasms (D:1)
  5 goblins (D:1)
  2 kobolds (D:1)
  A quokka (D:1)
  2 ball pythons
  4 rats (D:1)
16 creatures vanquished.

Notes
Turn   | Place    | Note
-------+----------+-------------------------------------------
     0 | D:1      | zishaf the Tengu Air Elementalist began the quest for the
                  | Orb.
     0 | D:1      | Reached XP level 1. HP: 10/10 MP: 4/4
   353 | D:1      | Reached XP level 2. HP: 16/16 MP: 6/6
   371 | D:1      | Learned a level 2 spell: Static Discharge
   480 | D:1      | Found Yxanef's Antique Armour Shoppe.
   542 | D:1      | Found Rarr's Assorted Antiques.
   630 | D:1      | Found Byfi's Antique Weapon Emporium.
   795 | D:2      | Noticed Robin
   801 | D:2      | Slain by a hobgoblin

Illustrated notes

Levels and vault maps discovered:
D:1:      psy_arrival_wood_between_worlds, layout_basic, serial_shops,
          nicolae_shop_advertising_works [nicolae_subvault_shop_adworks], shop,
          nicolae_shop_stone, dreamdust_wishing_well, minmay_misc_feat_alley,
          chequers_garden
D:2:      layout_loops_ring, uniq_robin

Skill      XL: |  1  2 |
---------------+-------+-----
Conjurations   | 2 |  2.0
Fighting       | |  0.9
Dodging        | |  2.1
Stealth        | |  2.0
Spellcasting   | |  2.2
Air Magic      | |  4.2

Action                   || total
-------------------------++-------
Melee: Whip              ||    18
       Kick              ||     4
       Peck              ||     3
 Stab: Sleeping          ||     2
Dodge: Dodged            ||     7

Table legend: (Time is in decaauts)
 A = Elapsed time spent in this place.
 B = Non-inter-level travel time spent in this place.
 C = Inter-level travel time spent in this place.
 D = Time resting spent in this place.
 E = Time spent auto-exploring this place.
 F = Levels seen in this place.
 G = Mean time per level.
                   A        B        C        D        E       F      G
               +--------+--------+--------+--------+--------+-----+--------+
         Total |    801 |    733 |     68 |      0 |    629 |   2 |  400.5 |
       Dungeon |    801 |    733 |     68 |      0 |    629 |   2 |  400.5 |
               +--------+--------+--------+--------+--------+-----+--------+

Top non-repeatable levels by time:
     D:1: 794 daAuts
     D:2: 6 daAuts
